 Dungeon Crawl Stone Soup version 0.29.1-2-gbd0b4ee654 (webtiles) character file.

Game seed: 1052093295610866129

15381 Lutefisk the Covert (level 12, -5/67 HPs)
             Began as a Vine Stalker Brigand on Oct 30, 2022.
             Was a High Priest of Dithmenos.
             Slain by a wyvern (9 damage)
             ... on level 2 of the Lair of Beasts.
             The game lasted 00:29:41 (6503 turns).

Lutefisk the Covert (Vine Stalker Brigand)          Turns: 6503, Time: 00:29:41

Health: -5/67      AC: 12    Str: 32    XL:     12   Next: 26%
Magic:  0/13       EV: 15    Int: 13    God:    Dithmenos [*****.]
Gold:   581        SH:  0    Dex: 21    Spells: 10/11 levels left

rFire   . . .      SeeInvis .   Q - +10 falchion "Ukon" {freeze, Str+3}
rCold   . . .      Faith    .   (no shield)
rNeg    . . .      Spirit   +   K - +0 acid dragon scales
rPois   .          Reflect  .   q - +1 helmet
rElec   .          Harm     .   c - +0 cloak
rCorr   +          Rampage  .   V - +0 pair of gloves
Will    +....                   (no boots)
Stlth   ++++++++..              W - amulet "Vud Dokk" {Regen+ Str+3 Int+2 Slay+2}
HPRegen 1.81/turn               s - +6 ring of strength
MPRegen 0.13/turn               v - +6 ring of strength

@: wreathed by umbra, studying Transmutations
A: fangs 3, regeneration 1, magic shield, antimagic bite, no potion heal 2
a: Renounce Religion, Shadow Step, Shadow Form


You were on level 2 of the Lair of Beasts.
You worshipped Dithmenos.
Dithmenos was extremely pleased with you.
You visited 2 branches of the dungeon, and saw 13 of its levels.

You collected 581 gold pieces.

Inventory:

Hand Weapons
 a - a +2 dagger
 i - a +4 long sword
 o - a +2 long sword of protection
 J - a +1 scimitar
 Q - the +10 falchion "Ukon" (weapon) {freeze, Str+3}
   (You found it on level 8 of the Dungeon)

   It freezes those it strikes, dealing additional cold damage.
   It can also slow down cold-blooded creatures.
   Str:       It affects your strength (+3).
Missiles
 d - 25 poisoned darts (quivered)
 e - a curare-tipped dart
 n - 6 atropa-tipped darts
 I - 5 javelins
 L - 2 boomerangs of dispersal
 P - a throwing net
Armour
 c - a +0 cloak (worn)
 f - a scarf of repulsion
 q - a +1 helmet (worn)
 K - +0 acid dragon scales (worn)
 V - a +0 pair of gloves (worn)
Jewellery
 b - an amulet of the acrobat
 l - a ring of positive energy
 s - a +6 ring of strength (left hand)
 v - a +6 ring of strength (right hand)
 H - a ring of protection from fire
 W - the amulet "Vud Dokk" (around neck) {Regen+ Str+3 Int+2 Slay+2}
   (You found it on level 10 of the Dungeon)

   [amulet of regeneration]

   Str:       It affects your strength (+3).
   Int:       It affects your intelligence (+2).
   Slay:      It affects your accuracy & damage with ranged weapons and melee
   (+2).
   Regen:     It increases your rate of health regeneration.
Wands
 p - a wand of roots (3)
 M - a wand of polymorph (9)
 S - a wand of flame (9)
 U - a wand of paralysis (3)
Scrolls
 h - a scroll of summoning {unknown}
 j - 2 scrolls of enchant armour {unknown}
 k - 6 scrolls of immolation {unknown}
 m - 5 scrolls of noise {unknown}
 t - 7 scrolls of identify {unknown}
 u - 2 scrolls of torment {unknown}
 w - 4 scrolls of enchant weapon {unknown}
 y - 3 scrolls of fear {unknown}
 A - 2 scrolls of poison {unknown}
 D - a scroll of amnesia {unknown}
 E - 2 scrolls of blinking {unknown}
 F - 2 scrolls of teleportation {unknown}
 X - 3 scrolls of fog {unknown}
Potions
 g - 7 potions of curing
 r - 2 potions of might {unknown}
 x - 2 potions of lignification {unknown}
 z - 2 potions of berserk rage {unknown}
 B - 2 potions of cancellation {unknown}
 C - 2 potions of attraction {unknown}
 G - 3 potions of flight {unknown}
 N - a potion of degeneration {unknown}
 O - 2 potions of brilliance
 R - a potion of haste {unknown}
 T - 2 potions of heal wounds {unknown}


   Skills:
 - Level 10.0 Fighting
 - Level 1.7(6.3) Short Blades
 * Level 9.7(9.8) Long Blades
 - Level 2.0 Throwing
 * Level 5.0 Armour
 * Level 5.0 Dodging
 - Level 13.0 Stealth
 - Level 1.0 Invocations
 * Level 0.4 Evocations


You had 10 spell levels left.
You knew the following spells:

 Your Spells              Type           Power      Damage    Failure   Level
a - Apportation           Tloc           0%         N/A       34%         1

Your spell library contained the following spells:

 Spells                   Type           Power      Damage    Failure   Level
 Magic Dart               Conj           0%         1d3       34%         1
 Necrotise                Necr           0%         1d4       34%         1
 Summon Small Mammal      Summ           0%         N/A       34%         1
 Searing Ray              Conj           0%         2d4       47%         2
 Fulminant Prism          Conj/Hex       0%         3d6       98%         4


Dungeon Overview and Level Annotations

Branches:
Dungeon (11/15)            Temple (0/1) D:7            Lair (2/5) D:11
  Swamp (0/4) Lair:2          Orc (0/2) D:10
  Snake: Lair:2-3    Spider: Lair:2-3

Altars:
Dithmenos
Gozag
Kikubaaqudgha
Nemelex Xobeh
Okawaru
Qazlal
Wu Jian
Yredelemnul
The Shining One

Shops:
D:6 *   D:7 =

Annotations:
D:4 Blork the orc


Innate Abilities, Weirdness & Mutations

You have razor-sharp teeth.
Your natural rate of healing is unusually fast.
When hurt, damage is shared between your health and your magic reserves.
Your bite disrupts and absorbs the magic of your enemies.
Potions cannot restore your health.


Message History

The vampire mosquito draws strength from your injuries!
The blink frog barely misses you.
Okay, then.
The blink frog attacks as you move away!
The blink frog hits you.
The blink frog blinks!
The blink frog hits you!
* * * LOW HITPOINT WARNING * * *
The blink frog blinks!
The wyvern bites you!
* * * LOW HITPOINT WARNING * * *
The vampire mosquito bites you but does no damage.
The blink frog blinks!
The vampire mosquito barely misses you.
The blink frog blinks! x3; The vampire mosquito barely misses you.
The blink frog hits you.
* * * LOW HITPOINT WARNING * * *
Okay, then.
Okay, then.
You don't have enough magic at the moment.
Okay, then.
Unknown command.
The blink frog blinks! x2; The vampire mosquito barely misses you.
The vampire mosquito attacks as you move away!
The vampire mosquito barely misses you.
The blink frog blinks!
The vampire mosquito closely misses you.
The vampire mosquito bites you!
* * * LOW HITPOINT WARNING * * *
The vampire mosquito draws strength from your injuries!
The wyvern attacks as you move away! The wyvern closely misses you.
The vampire mosquito bites you but does no damage.
The blink frog blinks! x2
There is a stone staircase leading down here.
The vampire mosquito bites you but does no damage.
The vampire mosquito closely misses you.
The vampire mosquito bites you.
* * * LOW HITPOINT WARNING * * *
The vampire mosquito draws strength from your injuries!
The blink frog closely misses you.
The vampire mosquito closely misses you.
The wyvern hisses menacingly.
The wyvern bites you!
You die...

§≈ ..# §§≈ ...# ....
~~§♣ ♣♣#..## ...#
~~♣~♣#P.<.. .P...
♣≈♣......## .....
♣♣..♣.....§###...#..
......†......#......
..........Fyh...#
....#...#FFy@..#
.......!.§.lF.##
#...........##.#
P.............##
..$......F..#..P
.P##......####... .#
##..P...## #..
###...##..#####
.###P#........#......


You could see a polar bear, 5 blink frogs, a wyvern and 2 vampire mosquitoes.

Vanquished Creatures
  Gastronok (D:8)
  A boulder beetle (D:11)
  Joseph (D:8)
  A cane toad (Lair:2)
  A gargoyle (D:11)
  3 unseen horror zombies (D:9)
  Maggie (D:6)
  6 komodo dragons
  A troll (D:10)
  24 yaks
  A shadow (D:10)
  3 wyverns
  2 wraiths
  2 basilisks (D:11)
  3 steam dragons
  A vampire mosquito (Lair:2)
  2 water moccasins
  Edmund (D:6)
  Duvessa (D:4)
  An ice beast (D:6)
  2 orc warriors
  A black bear (D:7)
  A sky beast (D:6)
  4 wolves (Lair:2)
  An ogre (D:6)
  4 centaurs
  5 bullfrogs
  2 necrophages
  3 scorpions
  Dowan (D:4)
  15 wights
  14 killer bees
  3 howler monkeys
  4 centaur zombies (D:9)
  8 orc priests
  4 hounds
  3 jellies
  Jessica (D:3)
  2 iguanas
  10 orc wizards
  3 howler monkey zombies (D:9)
  Robin (D:3)
  3 gnolls
  8 adders
  A white imp (D:6)
  4 worms
  2 dart slugs (D:3)
  29 orcs
  11 ball pythons
  3 bats
  9 endoplasms
  4 giant cockroaches
  17 hobgoblins
  2 jackals (D:2)
  6 kobolds
  4 quokkas
  2 frilled lizards (D:3)
  11 goblins
  3 rats
268 creatures vanquished.

Vanquished Creatures (others)
  3 fungi
  3 plants
6 creatures vanquished.

Grand Total: 274 creatures vanquished

Notes
Turn   | Place    | Note
-------+----------+-------------------------------------------
     0 | D:1      | Lutefisk the Vine Stalker Brigand began the quest for the
                  | Orb.
     0 | D:1      | Reached XP level 1. HP: 11/11 MP: 2/2
   213 | D:1      | Reached skill level 5 in Stealth
   229 | D:1      | Reached XP level 2. HP: 11/15 MP: 3/3
   290 | D:1      | Found a faded altar of an unknown god.
  1051 | D:2      | Reached XP level 3. HP: 19/19 MP: 4/4
  1608 | D:2      | Gained mutation: Your natural rate of healing is unusually
                  | fast. [Vine Stalker growth]
  1608 | D:2      | Reached XP level 4. HP: 19/25 MP: 5/5
  1815 | D:3      | Noticed Jessica
  1831 | D:3      | Killed Jessica
  1832 | D:3      | Reached skill level 1 in Dodging
  1886 | D:3      | Noticed Robin
  1887 | D:3      | Found a shadowy altar of Dithmenos.
  1926 | D:3      | Killed Robin
  1934 | D:3      | Reached XP level 5. HP: 29/29 MP: 6/6
  1978 | D:3      | Reached skill level 1 in Long Blades
  1978 | D:3      | Reached skill level 1 in Armour
  1995 | D:3      | Reached XP level 6. HP: 32/34 MP: 7/7
  2125 | D:3      | Became a worshipper of Dithmenos the Shadowed
  2301 | D:4      | Noticed Blork the orc
  2371 | D:4      | Reached skill level 6 in Stealth
  2383 | D:4      | Noticed Duvessa
  2655 | D:4      | Noticed Dowan
  2669 | D:4      | Killed Duvessa
  2670 | D:4      | Reached skill level 5 in Fighting
  2670 | D:4      | Reached skill level 7 in Stealth
  2670 | D:4      | Reached XP level 7. HP: 39/39 MP: 8/8
  2679 | D:4      | Killed Dowan
  2713 | D:5      | Entered Level 5 of the Dungeon
  2735 | D:5      | Reached * piety under Dithmenos
  2736 | D:5      | Reached skill level 8 in Stealth
  2821 | D:5      | Found an ancient bone altar of Kikubaaqudgha.
  3045 | D:6      | Reached skill level 9 in Stealth
  3064 | D:6      | Found a stormy altar of Qazlal.
  3088 | D:6      | Gained mutation: You have razor-sharp teeth. [Vine Stalker
                  | growth]
  3088 | D:6      | Reached XP level 8. HP: 43/43 MP: 9/9
  3103 | D:6      | Reached skill level 10 in Stealth
  3332 | D:6      | Found an opulent altar of Gozag.
  3332 | D:6      | Found Gozag's Platinum Reserve.
  3382 | D:6      | Noticed Edmund
  3395 | D:6      | Killed Edmund
  3417 | D:6      | Noticed a green ugly thing
  3417 | D:6      | Noticed a yak
  3671 | D:6      | Noticed Maggie
  3694 | D:6      | Killed Maggie
  3695 | D:6      | Reached XP level 9. HP: 35/50 MP: 8/10
  3860 | D:7      | Reached ** piety under Dithmenos
  3983 | D:7      | Found a staircase to the Ecumenical Temple.
  4205 | D:7      | Found a sparkling altar of Nemelex Xobeh.
  4272 | D:7      | Found Wixogot's Jewellery Emporium.
  4331 | D:7      | Reached skill level 11 in Stealth
  4422 | D:8      | Noticed Gastronok
  4465 | D:8      | Killed Gastronok
  4466 | D:8      | Reached skill level 12 in Stealth
  4466 | D:8      | Reached XP level 10. HP: 55/58 MP: 11/11
  4471 | D:8      | Reached *** piety under Dithmenos
  4488 | D:8      | Identified the +10 falchion "Ukon" {freeze, Str+3}
  4569 | D:8      | Found a glowing golden altar of the Shining One.
  4582 | D:8      | Learned a level 1 spell: Apportation
  4627 | D:8      | Reached skill level 10 in Fighting
  4748 | D:8      | Noticed Joseph
  4752 | D:8      | Killed Joseph
  4764 | D:8      | Found an iron altar of Okawaru.
  4961 | D:9      | Reached skill level 1 in Invocations
  5050 | D:9      | Reached **** piety under Dithmenos
  5060 | D:9      | Found a basalt altar of Yredelemnul.
  5067 | D:9      | Reached skill level 13 in Stealth
  5067 | D:9      | Reached XP level 11. HP: 58/63 MP: 10/12
  5326 | D:10     | Entered Level 10 of the Dungeon
  5384 | D:10     | Found a staircase to the Orcish Mines.
  5384 | D:10     | Noticed an orc knight
  5449 | D:10     | Identified the amulet "Vud Dokk" {Regen+ Str+3 Int+2
                  | Slay+2}
  5713 | D:10     | Found an ornate altar of the Wu Jian Council.
  5817 | D:11     | Reached skill level 5 in Long Blades
  5817 | D:11     | Reached skill level 5 in Armour
  5817 | D:11     | Reached skill level 5 in Dodging
  5868 | D:11     | Identified the +0 pair of boots of the Frog {Fly}
  5916 | D:11     | Noticed a boulder beetle
  5964 | D:11     | Killed a boulder beetle
  5990 | D:11     | Found a staircase to the Lair.
  6031 | Lair:1   | Entered Level 1 of the Lair of Beasts
  6170 | Lair:1   | Reached ***** piety under Dithmenos
  6203 | Lair:1   | Reached XP level 12. HP: 61/67 MP: 13/13
  6485 | Lair:2   | Found a staircase to the Swamp.
  6501 | Lair:2   | HP: 1/67 [vampire mosquito (6)]
  6503 | Lair:2   | Slain by a wyvern

Illustrated notes

Levels and vault maps discovered:
D:1:      lemuel_arrival_rhombus, layout_loops_ring,
          shapermc_ecumenical_altar_starsandcircs, minivault_23
D:2:      layout_basic
D:3:      layout_rooms, nicolae_dithmenos_shadow_blocks, minmay_divided_ellipse,
          uniq_jessica, uniq_robin
D:4:      layout_gridville, uniq_duvessa, uniq_blork_the_orc
D:5:      layout_basic, kiku_gazebo_pond_becter
D:6:      layout_basic, grunt_qazlal_sundering, nicolae_gozag_zags_fifth_avenue,
          serial_curves, eino_curves_03, eino_curves_01, serial_park_tiny_2,
          lightli_corner_chamber, uniq_edmund, uniq_maggie
D:7:      layout_rooms, nemelex_altar_shiori, minmay_temple_entry_proselytizer,
          serial_shops, nicolae_shop_hallway_plus
D:8:      layout_cave_pools, mainiacjoe_overflow_24_doors,
          nicolae_tso_carved_into_rock, sigmund_army, uniq_gastronok,
          uniq_joseph
D:9:      layout_roguey, nicolae_yredelemnul_corpse_copse, serial_aquarium,
          aquarium_bridge_straight [aquarium_subvault_bridge,
          aquarium_subvault_wall, aquarium_subvault_bridge,
          aquarium_subvault_wall], aquarium_window_fake, aquarium_window_2,
          aquarium_view_2f, aquarium_view_2d, aquarium_pool_S
D:10:     layout_loops_ring, nzn_wu_jian_contemplation, david_orc_5
D:11:     layout_roguey, erik_lair_dragon
Lair:1:   layout_cellular_growth
Lair:2:   layout_misc_corridors, minmay_swamp_entry_swarm,
          spider_nest_entry_rubble, amcnicky_mini_pool_medium

Skill      XL: |  1  2  3  4  5  6  7  8  9 10 11 12 |
---------------+-------------------------------------+-----
Fighting       | 2 3 4 5 7 9 10 | 10.0
Stealth        | 5 7 9 10 12 13 | 13.0
Throwing       | 2 |  2.0
Dodging        | 1 3 4 5 |  5.0
Long Blades    | 1 3 8 9 |  9.7
Armour         | 1 3 4 5 |  5.0
Invocations    | 1 |  1.0
Short Blades   | |  1.7
Evocations     | |  0.4

Action                   |  1- 3 |  4- 6 |  7- 9 | 10-12 || total
-------------------------+-------+-------+-------+-------++-------
Melee: Dagger            |    88 |    29 |    33 |     5 ||   155
       Bite              |    21 |    37 |   101 |    91 ||   250
       Long sword        |       |   112 |   246 |     6 ||   364
       Punch             |       |     2 |     5 |     4 ||    11
       Falchion          |       |       |       |   235 ||   235
Throw: Dart              |       |     8 |    10 |     8 ||    26
       Throwing net      |       |       |     1 |       ||     1
Evoke: Wand              |       |       |       |     4 ||     4
 Stab: Sleeping          |    11 |     8 |     9 |    15 ||    43
       Invisible         |       |       |     1 |       ||     1
       Distracted        |       |       |       |     1 ||     1
Armor: Robe              |    20 |    54 |       |       ||    74
       Ring mail         |       |     7 |    37 |       ||    44
       Acid dragon scale |       |       |   103 |    95 ||   198
Dodge: Dodged            |    27 |    94 |   207 |   246 ||   574
